 Dungeon Crawl Stone Soup version 0.19-a0-1015-ge643222 (webtiles) character file.

33 HenryFlower the Poker (level 3, -2/27 HPs)
             Began as a Merfolk Skald on July 24, 2016.
             Slain by a giant frog zombie (4 damage)
             ... on level 1 of the Dungeon.
             The game lasted 00:03:48 (1513 turns).

HenryFlower the Poker (Merfolk Skald)               Turns: 1513, Time: 00:03:49

Health: -2/27      AC:  3    Str: 12    XL:     3   Next: 29%
Magic:  6/6        EV: 11    Int: 12    God:
Gold:   24         SH:  0    Dex: 13    Spells: 1 memorised, 5 levels left

rFire  . . .     SeeInvis .     a - +0 spear
rCold  . . .     Gourm    .     b - +0 leather armour
rNeg   . . .     Faith    .     (no shield)
rPois  .         Spirit   .     (no helmet)
rElec  .         Dismiss  .     (no cloak)
rCorr  .         Reflect  .     (no gloves)
SustAt .         Harm     .     (no boots)
MR     .....                    (no amulet)
Stlth  +.........               (no ring)
                                (no ring)

@: not resistant to hostile enchantments, very unstealthy
A: change form in water, swift swim
a: no special abilities


You were on level 1 of the Dungeon.
You were not hungry.

You visited 1 branch of the dungeon, and saw 1 of its levels.

You collected 24 gold pieces.

Inventory:

Hand Weapons
 a - a +0 spear (weapon)
Armour
 b - a +0 leather armour (worn)
Scrolls
 j - a scroll of remove curse {unknown}
Potions
 e - a potion of flight {unknown}
 h - a potion of might {unknown}
 i - a potion of brilliance {unknown}
Books
 c - a book of Battle

   Spells                             Type                      Level
   a - Infusion                       Charms                       1
   b - Shroud of Golubria             Charms/Translocation         2
   c - Song of Slaying                Charms                       2
   d - Spectral Weapon                Hexes/Charms                 3
   e - Regeneration                   Charms/Necromancy            3
Comestibles
 d - 2 bread rations
 g - a royal jelly


   Skills:
 - Level 2.1 Fighting
 * Level 4.5 Polearms
 - Level 0.6 Armour
 - Level 1.3 Dodging
 - Level 2.0 Spellcasting
 + Level 3.8 Charms


You had 5 spell levels left.
You knew the following spells:

 Your Spells              Type           Power        Failure   Level  Hunger
a - Infusion              Chrm           ##..         10%         1    ##.....


Dungeon Overview and Level Annotations

Branches:
Dungeon (1/15)

Altars:


Message History

You hit the giant frog zombie.
The giant frog zombie hits you but does no damage.
You barely miss the giant frog zombie. The giant frog zombie hits you.
* * * LOW HITPOINT WARNING * * *
Unknown command.
You hit the giant frog zombie.
The giant frog zombie completely misses you.
You hit the giant frog zombie but do no damage.
The giant frog zombie barely misses you.
You hit the giant frog zombie. The giant frog zombie misses you.
The giant frog zombie hits you.
* * * LOW HITPOINT WARNING * * *
You hit the giant frog zombie.
The giant frog zombie hits you but does no damage.
Okay, then.
Unknown command.
Unknown command.
Unknown command.
The giant frog zombie hits you.
You die...

#.....#.....#...#
....###.....#####.
#######.......##..
.........###...#.#
#....)....##...#.#
#.........##...#.#
#.........##...#.#
#.........##...#.#
#.........##...#@#
########.#####.#Z#
#.# #...# #.#
##..######## #.#
#.>........ #.#
########### #.#
#.# #.#


You could see a giant frog zombie.

Vanquished Creatures
  An ooze (D:1)
  3 bats (D:1)
  A giant cockroach (D:1)
  A goblin (D:1)
  6 hobgoblins (D:1)
  4 jackals (D:1)
  4 kobolds (D:1)
  A ball python (D:1)
  2 giant newts (D:1)
  3 rats (D:1)
26 creatures vanquished.

Notes
Turn   | Place    | Note
-------+----------+-------------------------------------------
     0 | D:1      | HenryFlower the Merfolk Skald began the quest for the Orb.
     0 | D:1      | Reached XP level 1. HP: 16/16 MP: 3/3
   146 | D:1      | Reached XP level 2. HP: 2/22 MP: 3/5
   707 | D:1      | Reached skill level 4 in Polearms
  1087 | D:1      | Reached XP level 3. HP: 14/27 MP: 6/6
  1508 | D:1      | HP: 1/27 [giant frog zombie (5)]
  1513 | D:1      | Slain by a giant frog zombie

Vault maps used:
D:1:      dpeg_arrival_rooms_b, minmay_crystal_water,
          minmay_misc_feat_four_crosses, st_stairs_1,
          corexii_item_surrounded_by_moat, serial_bayou_ford_a

Skill      XL: |  1  2 |
---------------+-------+-----
Polearms       | 4 |  4.5
Fighting       | |  2.1
Armour         | |  0.6
Dodging        | |  1.3
Spellcasting   | |  2.0
Charms         | |  3.8

Action                   || total
-------------------------++-------
Melee: Spear             ||    91
 Cast: Infusion          ||     7
 Stab: Sleeping          ||     1
  Eat: Beef jerky        ||     1
       Chunk             ||     1
Armor: Leather armour    ||    14
Dodge: Dodged            ||    37
